 Dungeon Crawl Stone Soup version 0.19.0-11-g3fc08b3 (webtiles) character file.

41 Jerry the Charmwright (level 3, 0/29 HPs)
             Began as a Demigod Skald on Nov 9, 2016.
             Succumbed to an adder's poison
             ... on level 1 of the Dungeon.
             The game lasted 00:03:42 (844 turns).

Jerry the Charmwright (Demigod Skald)                Turns: 844, Time: 00:03:42

Health: 0/29       AC:  3    Str: 17    XL:     3   Next: 16%
Magic:  8/8        EV: 11    Int: 16    God:
Gold:   35         SH:  0    Dex: 15    Spells: 1 memorised, 5 levels left

rFire  . . .     SeeInvis .     a - +0 falchion
rCold  . . .     Gourm    .     b - +0 leather armour
rNeg   . . .     Faith    .     (no shield)
rPois  .         Spirit   .     (no helmet)
rElec  .         Reflect  .     (no cloak)
rCorr  .         Harm     .     (no gloves)
MR     .....                    (no boots)
Stlth  +.........               g - amulet of magic regeneration
                                (no ring)
                                (no ring)

@: lethally poisoned (0 -> -1)
A: high mp 1
a: no special abilities


You were on level 1 of the Dungeon.
You were not hungry.

You visited 1 branch of the dungeon, and saw 1 of its levels.

You collected 35 gold pieces.

Inventory:

Hand Weapons
 a - a +0 falchion (weapon)
Armour
 b - a +0 leather armour (worn)
Jewellery
 g - an amulet of magic regeneration (around neck)
 i - an uncursed ring of stealth {unknown}
Scrolls
 e - 2 scrolls of enchant weapon {unknown}
 f - a scroll of identify {unknown}
 j - a scroll of amnesia {unknown}
Books
 c - a book of Battle

   Spells                             Type                      Level
   a - Infusion                       Charms                       1
   b - Shroud of Golubria             Charms/Translocation         2
   c - Song of Slaying                Charms                       2
   d - Spectral Weapon                Hexes/Charms                 3
   e - Regeneration                   Charms/Necromancy            3
Comestibles
 d - 2 bread rations
 k - a beef jerky
 l - 2 chunks of flesh


   Skills:
 - Level 1.7 Fighting
 + Level 2.2 Long Blades
 + Level 1.6 Armour
 - Level 0.8 Dodging
 - Level 2.1 Spellcasting
 + Level 3.1 Charms


You had 5 spell levels left.
You knew the following spells:

 Your Spells              Type           Power        Failure   Level  Hunger
a - Infusion              Chrm           ##..         10%         1    #......


Dungeon Overview and Level Annotations

Branches:
Dungeon (1/15)


Innate Abilities, Weirdness & Mutations

You have an increased reservoir of magic. (+10% MP)


Message History

You aren't carrying any potions.
A bat comes into view.
* * * LOW HITPOINT WARNING * * *
You feel sick.
The bat moves out of view.
The bat closely misses you.
Found a scroll labeled QOSUHA NEASUNN.
You hit the bat!
You kill the bat!
* * * LOW HITPOINT WARNING * * *
You feel sick.
You see here a bat corpse.
Your magical infusion is running out.
A goblin comes into view. It is wielding a dagger.
Found a scroll labeled GIADUIRPHAA.
* * * LOW HITPOINT WARNING * * *
You feel sick.
You are no longer magically infusing your attacks.
* * * LOW HITPOINT WARNING * * *
You feel sick.
You die...

# .###########
..#.......... #### .#
#.######### #..#..#
#.......... #.@...#
########### #######.###.#
#.........# ............#
#.#######'# #######.#.###
#.......... #.....#...
#..........
#.#####.#####..........
###.#...?................
#........................
#g..#.....#................


There were no monsters in sight!

Vanquished Creatures
  An adder (D:1)
  A dart slug (D:1)
  A leopard gecko (D:1)
  3 giant cockroaches (D:1)
  2 goblins (D:1)
  5 hobgoblins (D:1)
  3 jackals (D:1)
  2 bats (D:1)
  2 frilled lizards (D:1)
  4 kobolds (D:1)
  2 rats (D:1)
26 creatures vanquished.

Notes
Turn   | Place    | Note
-------+----------+-------------------------------------------
     0 | D:1      | Jerry the Demigod Skald began the quest for the Orb.
     0 | D:1      | Reached XP level 1. HP: 17/17 MP: 5/5
    25 | D:1      | Reached skill level 1 in Armour
   131 | D:1      | Reached XP level 2. HP: 17/24 MP: 2/7
   345 | D:1      | Reached skill level 3 in Charms
   823 | D:1      | HP: 1/24 [poisoned by an adder]
   826 | D:1      | Reached XP level 3. HP: 5/29 MP: 6/8
   840 | D:1      | HP: 1/29 [poisoned by an adder]
   844 | D:1      | Succumbed to an adder's poison

Skill      XL: |  1  2 |
---------------+-------+-----
Armour         | 1 |  1.6
Spellcasting   | 2 |  2.1
Long Blades    | 2 |  2.2
Charms         | 3 |  3.1
Fighting       | |  1.7
Dodging        | |  0.8

Action                   || total
-------------------------++-------
Melee: Falchion          ||    68
 Cast: Infusion          ||     3
  Use: Potion            ||     1
Armor: Leather armour    ||    17
Dodge: Dodged            ||    49
       Rpst.: Falchion   ||    15
